PBL
COLUMBUS REDS @ DETROIT RED WINGS
06/30/2049
 
TOP OF THE 1ST
Columbus Reds batting - Pitching for Detroit Red Wings : RHP Adan Van Slyke
Pitching: RHP Adan Van Slyke
Batting: RHB Tony Camacho 0-0: Ball
1-0: SINGLE (Groundball, 3D, EV 98.8 MPH)
Batting: RHB Aaron Barraza 0-0: Called Strike
0-1: Ball
1-1: Ball
2-1: Fly out, F7 (Flyball, 78M, EV 90.0 MPH)
Batting: SHB Eddie Crawford 0-0: Ball
1-0: Swinging Strike
1-1: Swinging Strike
Tony Camacho steals 2nd, throwing error, E2
Tony Camacho to third
1-2: Foul Ball, location: 2F
1-2: Strikes out looking
Batting: SHB Bill Dissette 0-0: Ball
1-0: Swinging Strike
1-1: Foul Ball, location: 2F
1-2: Foul Ball, location: 2F
1-2: Strikes out swinging
Top of the 1st over - 0 runs, 1 hit, 1 error, 1 left on base; Columbus 0 - Detroit 0
BOTTOM OF THE 1ST
Detroit Red Wings batting - Pitching for Columbus Reds : RHP Jim Linseman
Pitching: RHP Jim Linseman
Batting: LHB Duda Pinho 0-0: Swinging Strike
0-1: Swinging Strike
0-2: Ball
1-2: Ball
2-2: Ground out 6-3 (Groundball, 6, EV 78.8 MPH)
Batting: RHB Felipe Torres 0-0: Ball
1-0: Called Strike
1-1: Ball
2-1: Ball
3-1: Base on Balls
Batting: RHB António Scarlett 0-0: Called Strike
0-1: Foul Ball, location: 2F
0-2: Ball
1-2: Foul Ball, location: 2F
1-2: Ball
2-2: Ball
3-2: Grounds into double play, 5-4-3 (Groundball, 56, EV 78.8 MPH)
Bottom of the 1st over - 0 runs, 0 hits, 0 errors, 0 left on base; Columbus 0 - Detroit 0
TOP OF THE 2ND
Columbus Reds batting - Pitching for Detroit Red Wings : RHP Adan Van Slyke
Batting: RHB Matt Carman 0-0: Ball
1-0: Called Strike
1-1: Called Strike
1-2: Ball
2-2: Strikes out swinging
Batting: SHB Colin Black 0-0: Ball
1-0: Ball
2-0: Ball
3-0: Called Strike
3-1: Called Strike
3-2: Base on Balls
Batting: RHB Cornholdo Schwerin 0-0: Called Strike
0-1: Foul Ball, location: 2F
0-2: Foul Ball, location: 2F
0-2: Strikes out swinging
Batting: RHB Alex Ruybalid 0-0: Ball
1-0: Called Strike
1-1: Ball
2-1: Called Strike
2-2: Foul Ball, location: 2F
2-2: Strikes out swinging
Top of the 2nd over - 0 runs, 0 hits, 0 errors, 1 left on base; Columbus 0 - Detroit 0
BOTTOM OF THE 2ND
Detroit Red Wings batting - Pitching for Columbus Reds : RHP Jim Linseman
Batting: SHB Bill Casal 0-0: Called Strike
0-1: Called Strike
0-2: Ball
1-2: Strikes out looking
Batting: RHB Carlos Avila 0-0: Called Strike
0-1: Ball
1-1: Foul Ball, location: 2F
1-2: Ball
2-2: Strikes out swinging
Batting: LHB Manny Rangel 0-0: Ball
1-0: Foul Ball, location: 2F
1-1: Called Strike
1-2: Strikes out looking
Bottom of the 2nd over - 0 runs, 0 hits, 0 errors, 0 left on base; Columbus 0 - Detroit 0
TOP OF THE 3RD
Columbus Reds batting - Pitching for Detroit Red Wings : RHP Adan Van Slyke
Batting: RHB Jorge Velez 0-0: Foul Ball, location: 2F
0-1: Foul Ball, location: 2F
0-2: Strikes out swinging
Batting: RHB Tony Camacho 0-0: Fly out, F6 (Popup, 56D, EV 50.0 MPH)
Batting: RHB Aaron Barraza 0-0: Swinging Strike
0-1: Called Strike
0-2: Strikes out swinging
Top of the 3rd over - 0 runs, 0 hits, 0 errors, 0 left on base; Columbus 0 - Detroit 0
BOTTOM OF THE 3RD
Detroit Red Wings batting - Pitching for Columbus Reds : RHP Jim Linseman
Batting: RHB Jason LeBlanc 0-0: Ball
1-0: SINGLE (Groundball, 4MS, EV 84.4 MPH) (infield hit)
Batting: RHB Mark Massey 0-0: SINGLE (Flyball, 6D, EV 83.8 MPH)
Jason LeBlanc to second
Batting: RHB Alejandro Tovar 0-0: Called Strike
0-1: Called Strike
0-2: Foul Ball, location: 2F
0-2: Foul Ball, location: 2F
0-2: Strikes out swinging
Batting: LHB Duda Pinho 0-0: Ball
1-0: Ball
2-0: SINGLE (Groundball, 25, EV 63.8 MPH) (infield hit)
Jason LeBlanc to third
Mark Massey to second
Batting: RHB Felipe Torres 0-0: Fly out, F4 (Popup, 34S, EV 85.6 MPH)
Batting: RHB António Scarlett 0-0: Called Strike
0-1: Called Strike
0-2: Fielders Choice at 2nd, 6-4 (Groundball, 6, EV 103.1 MPH)
Bottom of the 3rd over - 0 runs, 3 hits, 0 errors, 3 left on base; Columbus 0 - Detroit 0
TOP OF THE 4TH
Columbus Reds batting - Pitching for Detroit Red Wings : RHP Adan Van Slyke
Batting: SHB Eddie Crawford 0-0: Ball
1-0: Called Strike
1-1: Foul Ball, location: 2F
1-2: Ball
2-2: Ground out U3 (Groundball, 3, EV 89.4 MPH)
Batting: SHB Bill Dissette 0-0: Swinging Strike
0-1: Ball
1-1: Called Strike
1-2: Foul Ball, location: 2F
1-2: Ball
2-2: Ball
3-2: Strikes out swinging
Batting: RHB Matt Carman 0-0: Ball
1-0: Called Strike
1-1: Foul Ball, location: 2F
1-2: Strikes out swinging
Top of the 4th over - 0 runs, 0 hits, 0 errors, 0 left on base; Columbus 0 - Detroit 0
BOTTOM OF THE 4TH
Detroit Red Wings batting - Pitching for Columbus Reds : RHP Jim Linseman
Batting: SHB Bill Casal 0-0: Ball
1-0: Called Strike
1-1: Foul Ball, location: 2F
1-2: SOLO HOME RUN (Flyball, 7LD, EV 95.6 MPH), Distance : 363 ft
Batting: RHB Carlos Avila 0-0: Ball
1-0: Ground out 5-3 (Groundball, 56, EV 101.9 MPH)
Batting: LHB Manny Rangel 0-0: Ball
1-0: Foul Ball, location: 2F
1-1: Ball
2-1: SOLO HOME RUN (Flyball, 7LD, EV 92.5 MPH), Distance : 346 ft
Batting: RHB Jason LeBlanc 0-0: SOLO HOME RUN (Flyball, 7LD, EV 93.8 MPH), Distance : 346 ft
Batting: RHB Mark Massey 0-0: Called Strike
0-1: Fly out, F7 (Line Drive, 7, EV 87.5 MPH)
Batting: RHB Alejandro Tovar 0-0: Called Strike
0-1: Ball
1-1: Fly out, F8 (Flyball, 8RD, EV 94.4 MPH)
Bottom of the 4th over - 3 runs, 3 hits, 0 errors, 0 left on base; Columbus 0 - Detroit 3
TOP OF THE 5TH
Columbus Reds batting - Pitching for Detroit Red Wings : RHP Adan Van Slyke
Batting: SHB Colin Black 0-0: Fly out, F8 (Line Drive, 8RM, EV 93.8 MPH)
Batting: RHB Cornholdo Schwerin 0-0: Called Strike
0-1: Ball
1-1: Fly out, F7 (Flyball, 7S, EV 84.4 MPH)
Batting: RHB Alex Ruybalid 0-0: Ball
1-0: Ground out 5-3 (Groundball, 5, EV 82.5 MPH)
Top of the 5th over - 0 runs, 0 hits, 0 errors, 0 left on base; Columbus 0 - Detroit 3
BOTTOM OF THE 5TH
Detroit Red Wings batting - Pitching for Columbus Reds : RHP Jim Linseman
Batting: LHB Duda Pinho 0-0: Swinging Strike
0-1: Ball
1-1: Foul Ball, location: 2F
1-2: Strikes out swinging
Batting: RHB Felipe Torres 0-0: Ground out 1-3 (Groundball, P, EV 72.5 MPH)
Batting: RHB António Scarlett 0-0: Ball
1-0: Called Strike
1-1: Ball
2-1: Swinging Strike
2-2: Ball
3-2: Foul Ball, location: 2F
3-2: Foul Ball, location: 2F
3-2: Ground out 1-3 (Groundball, 13S, EV 75.6 MPH)
Bottom of the 5th over - 0 runs, 0 hits, 0 errors, 0 left on base; Columbus 0 - Detroit 3
TOP OF THE 6TH
Columbus Reds batting - Pitching for Detroit Red Wings : RHP Adan Van Slyke
Batting: RHB Jorge Velez 0-0: Called Strike
0-1: Ground out 6-3 (Groundball, 56, EV 78.1 MPH)
Batting: RHB Tony Camacho 0-0: Called Strike
0-1: Ball
1-1: SINGLE (Line Drive, 8RS, EV 91.2 MPH)
Batting: RHB Aaron Barraza 0-0: Ball
1-0: Called Strike
1-1: Foul Ball, location: 2F
1-2: Ball
2-2: Foul Ball, location: 2F
2-2: Ball
3-2: Strikes out swinging
Tony Camacho steals 2nd base
Batter strikes out.
Batting: SHB Eddie Crawford 0-0: Swinging Strike
0-1: Foul Ball, location: 2F
0-2: Ball
1-2: Foul Ball, location: 2F
1-2: Ball
2-2: Ball
3-2: Base on Balls
Batting: SHB Bill Dissette 0-0: Called Strike
0-1: Fielders Choice at 2nd, 6-4 (Groundball, 6, EV 86.9 MPH)
Top of the 6th over - 0 runs, 1 hit, 0 errors, 2 left on base; Columbus 0 - Detroit 3
BOTTOM OF THE 6TH
Detroit Red Wings batting - Pitching for Columbus Reds : RHP Jim Linseman
Batting: SHB Bill Casal 0-0: Called Strike
0-1: Ball
1-1: Ball
2-1: Foul Ball, location: 2F
2-2: Ball
3-2: Ground out 6-3 (Groundball, 6, EV 78.8 MPH)
Batting: RHB Carlos Avila 0-0: Called Strike
0-1: Ball
1-1: Ball
2-1: DOUBLE (Line Drive, 9LS, EV 108.8 MPH)
Batting: LHB Manny Rangel 0-0: Intentional Walk
Batting: RHB Jason LeBlanc 0-0: Fly out, F8 (Flyball, 8RD, EV 95.0 MPH)
Runner from 2nd tags up, SAFE at 3rd with throw by CF
Batting: RHB Mark Massey 0-0: Ball
1-0: Ball
2-0: SINGLE (Groundball, 56D, EV 111.9 MPH) (infield hit)
Carlos Avila scores
Manny Rangel to second
Batting: RHB Alejandro Tovar 0-0: Called Strike
0-1: Ball
1-1: Fly out, F7 (Flyball, 7LM, EV 85.0 MPH)
Bottom of the 6th over - 1 run, 2 hits, 0 errors, 2 left on base; Columbus 0 - Detroit 4
TOP OF THE 7TH
Columbus Reds batting - Pitching for Detroit Red Wings : RHP Adan Van Slyke
Batting: LHB Gabe Morales 0-0: Called Strike
0-1: Ball
1-1: Foul Ball, location: 2F
1-2: Ground out 4-3 (Groundball, 4S, EV 93.1 MPH)
Batting: SHB Colin Black 0-0: Foul Ball, location: 2F
0-1: Ball
1-1: Ball
2-1: Fly out, F6 (Popup, 4M, EV 64.4 MPH)
Pinch Hitting: LHB Mat Bencivengo 0-0: Ball
1-0: Called Strike
1-1: Ball
2-1: Ball
3-1: Foul Ball, location: 2F
3-2: Fly out, F7 (Flyball, 78D, EV 100.0 MPH)
Top of the 7th over - 0 runs, 0 hits, 0 errors, 0 left on base; Columbus 0 - Detroit 4
BOTTOM OF THE 7TH
Detroit Red Wings batting - Pitching for Columbus Reds : RHP Jim Linseman
Pitching: LHP Joe McLaughlin
Now in CF: Alex Ruybalid
Now in RF: Nick Partain
Batting: LHB Duda Pinho 0-0: Ball
1-0: Ball
2-0: Ball
3-0: Base on Balls
Batting: RHB Felipe Torres 0-0: Swinging Strike
0-1: Ball
1-1: Swinging Strike
1-2: Foul Ball, location: 2F
1-2: Ball
2-2: Ball
3-2: Strikes out looking
Batting: RHB António Scarlett 0-0: Ball
Duda Pinho steals 2nd base (no throw)
1-0: Ball
2-0: Foul Ball, location: 2F
2-1: Ball
3-1: Base on Balls
Batting: SHB Bill Casal 0-0: Called Strike
0-1: Fielders Choice at 2nd, 5-4 (Groundball, 5, EV 90.6 MPH)
Duda Pinho to third
Batting: RHB Carlos Avila 0-0: Called Strike
0-1: Ball
1-1: Fly out, F7 (Flyball, 7S, EV 97.5 MPH)
Bottom of the 7th over - 0 runs, 0 hits, 0 errors, 2 left on base; Columbus 0 - Detroit 4
TOP OF THE 8TH
Columbus Reds batting - Pitching for Detroit Red Wings : RHP Adan Van Slyke
Pinch Hitting: RHB Matt Shepard 0-0: Ball
1-0: Foul Ball, location: 2F
1-1: Foul Ball, location: 2F
1-2: Ball
2-2: Ball
3-2: Ground out 6-3 (Groundball, 6, EV 105.6 MPH)
Batting: RHB Jorge Velez 0-0: Ball
1-0: Ball
2-0: Ball
3-0: Called Strike
3-1: Called Strike
3-2: Base on Balls
Pitching: LHP Jayden Carter
Batting: RHB Tony Camacho 0-0: Called Strike
0-1: Ball
1-1: Called Strike
1-2: Strikes out swinging
Batting: RHB Aaron Barraza 0-0: Ball
1-0: Foul Ball, location: 2F
1-1: Ball
2-1: Swinging Strike
2-2: Ball
3-2: Foul Ball, location: 2F
3-2: Foul Ball, location: 2F
3-2: Foul Ball, location: 2F
3-2: Base on Balls
Jorge Velez to second
Batting: SHB Eddie Crawford 0-0: Foul Ball, location: 2F
0-1: Foul Ball, location: 2F
0-2: Ball
1-2: Ball
2-2: Ball
3-2: Foul Ball, location: 2F
3-2: SINGLE (Flyball, 78S, EV 95.0 MPH)
Jorge Velez to third
Aaron Barraza to second
Jorge Velez scores
Aaron Barraza to third
Batting: SHB Bill Dissette 0-0: SINGLE (Line Drive, 6MD, EV 95.0 MPH)
Aaron Barraza scores
Eddie Crawford to second
Batting: LHB Gabe Morales 0-0: Ball
1-0: Called Strike
1-1: Ball
2-1: Fly out, F7 (Line Drive, 78M, EV 89.4 MPH)
Top of the 8th over - 2 runs, 2 hits, 0 errors, 2 left on base; Columbus 2 - Detroit 4
BOTTOM OF THE 8TH
Detroit Red Wings batting - Pitching for Columbus Reds : LHP Joe McLaughlin
Now in CF: Matt Shepard
Batting: LHB Manny Rangel 0-0: Ball
1-0: Called Strike
1-1: Swinging Strike
1-2: Ball
2-2: Ball
3-2: Ground out 6-3 (Groundball, 6M, EV 88.8 MPH)
Batting: RHB Jason LeBlanc 0-0: Called Strike
0-1: Ball
1-1: Called Strike
1-2: Hit by Pitch
Batting: RHB Mark Massey 0-0: Called Strike
0-1: Ball
1-1: Foul Ball, location: 2F
1-2: Ball
2-2: SINGLE (Groundball, 34, EV 101.9 MPH)
Jason LeBlanc to second
Runner from 2nd tries for 3rd, SAFE, throw by RF made to third
Pitching: RHP Aaron McArdle
Batting: RHB Alejandro Tovar 0-0: Swinging Strike
0-1: Foul Ball, location: 2F
0-2: Ball
1-2: Strikes out swinging
Batting: LHB Duda Pinho 0-0: Ball
1-0: Ball
2-0: Ball
3-0: Called Strike
3-1: Swinging Strike
3-2: Strikes out swinging
Bottom of the 8th over - 0 runs, 1 hit, 0 errors, 2 left on base; Columbus 2 - Detroit 4
TOP OF THE 9TH
Columbus Reds batting - Pitching for Detroit Red Wings : LHP Jayden Carter
Pitching: RHP Sean Arnold
Batting: SHB Colin Black 0-0: Fly out, F7 (Flyball, 7S, EV 90.0 MPH)
Pinch Hitting: LHB Jamel Wilhite 0-0: Ball
1-0: Ball
2-0: Called Strike
2-1: Ball
3-1: Called Strike
3-2: Ground out U3 (Groundball, 34, EV 108.1 MPH)
Batting: RHB Matt Shepard 0-0: Swinging Strike
0-1: Called Strike
0-2: Strikes out swinging
Top of the 9th over - 0 runs, 0 hits, 0 errors, 0 left on base; Columbus 2 - Detroit 4
Sunday, July 16th , 2023 - OOTP Baseball 24.6 Build 69